 Dungeon Crawl Stone Soup version 0.29-a0-321-gf1c400731a (webtiles) character file.

Game seed: 15150626606301208549

1861 Psyclone the Frost Mage (level 9, -5/61 HPs)
             Began as an Octopode Ice Elementalist on Apr 5, 2022.
             Slain by an ice beast (12 damage)
             ... on level 6 of the Dungeon.
             The game lasted 00:22:13 (8475 turns).

Psyclone the Frost Mage (Octopode Ice Elementalist) Turns: 8475, Time: 00:22:14

Health: -5/61      AC:  9    Str:  4    XL:     9   Next: 13%
Magic:  16/16      EV: 16    Int: 21    God:
Gold:   286        SH:  0    Dex: 17    Spells: 11/18 levels left

rFire   . . .      SeeInvis +   a - +3 dagger (freeze)
rCold   . . .      Faith    .   (no shield)
rNeg    + . .      Spirit   .   (helmet restricted)
rPois   .          Reflect  .   l - amulet "Jocsoimam" {Acrobat rN+ Str-3 Dex+4 Stlth+}
rElec   .          Harm     .   n - ring of see invisible
rCorr   .          Rampage  .   (no ring)
Will    .....                   (no ring)
Stlth   ++++......              (no ring)
HPRegen 0.20/turn               (no ring)
MPRegen 0.15/turn               (no ring)
                                (no ring)
                                (no ring)

@: ice-armoured
A: almost no armour, amphibious, 8 rings, camouflage 1, gelatinous body 1,
(nimble swimmer 1), tentacles
a: no special abilities


You were on level 6 of the Dungeon.
You visited 1 branch of the dungeon, and saw 6 of its levels.
You also visited: Sewer.

You collected 286 gold pieces.

Inventory:

Hand Weapons
 a - a +3 dagger of freezing (weapon)
 b - the +8 flail of Cobwebs {holy, rN+ Str+3}
   (You found it on level 2 of the Dungeon)

   It has been blessed by the Shining One to cause great damage to the undead
   and demons.
   Str:       It affects your strength (+3).
   rN:        It protects you from negative energy.
Jewellery
 l - the amulet "Jocsoimam" (around mantle) {Acrobat rN+ Str-3 Dex+4 Stlth+}
   (You acquired it in a sewer)

   [amulet of the acrobat]

   It increases your evasion while moving and waiting.
   Str:       It affects your strength (-3).
   Dex:       It affects your dexterity (+4).
   rN:        It protects you from negative energy.
   Stlth:     It makes you more stealthy.
 n - a ring of see invisible (left tentacle)
Scrolls
 h - a scroll of amnesia
 j - 3 scrolls of noise
 q - 2 scrolls of magic mapping
 u - a scroll of blinking
Potions
 c - a potion of lignification {unknown}
 d - 2 potions of cancellation {unknown}
 f - a potion of attraction
 g - 2 potions of heal wounds {unknown}
 i - a potion of degeneration {unknown}
 k - 2 potions of magic
 m - a potion of flight {unknown}
 o - a potion of ambrosia {unknown}
 p - 2 potions of invisibility {unknown}
 r - a potion of resistance {unknown}
 s - 2 potions of brilliance {unknown}
 t - a potion of haste {unknown}


   Skills:
 + Level 5.5 Fighting
 + Level 5.5 Dodging
 - Level 2.6 Stealth
 + Level 5.1 Spellcasting
 - Level 8.0 Ice Magic


You had 11 spell levels left.
You knew the following spells:

 Your Spells              Type           Power      Damage    Failure   Level
a - Freeze                Ice            100%       1d11      1%          1
b - Frozen Ramparts       Ice            76%        1d9       1%          3
c - Ozocubu's Armour      Ice            38%        N/A       1%          3

Your spell library contained the following spells:

 Spells                   Type           Power      Damage    Failure   Level
 Animate Skeleton         Necr           10%        N/A       11%         1
 Beastly Appendage        Tmut           10%        N/A       11%         1
 Pain                     Necr           20%        1d5       11%         1
 Sandblast                Erth           10%        2d5       11%         1
 Slow                     Hex            20%        N/A       11%         1
 Passwall                 Tmut/Erth      4%         N/A       16%         2
 Wereblood                Tmut           5%         N/A       16%         2
 Hailstorm                Conj/Ice       22%        3d7       21%         4
 Confusing Touch          Hex            5%         N/A       32%         3
 Spider Form              Tmut/Pois      5%         N/A       32%         3
 Stone Arrow              Conj/Erth      10%        3d7       32%         3
 Vampiric Draining        Necr           5%         2d6       32%         3


Dungeon Overview and Level Annotations

Branches:
Dungeon (6/15)              Sewer (visited)
 Temple: D:4-7

Altars:
Sif Muna

Shops:
D:3 :

Annotations:
D:4 exclusion: steam dragon


Innate Abilities, Weirdness & Mutations

You cannot wear most types of armour.
You are amphibious.
You can wear up to eight rings at the same time.
Your skin changes colour to match your surroundings (Stealth+).
Your rubbery body absorbs attacks. (AC +1, EV +1)
((You are camouflaged when in or above water. (Stealth+)))
You have tentacles for arms and can constrict up to eight enemies at once.


Message History

The ice beast hits you. The ice beast freezes you!
You take 16 damage, and have 33/61 hp.
MASSIVE DAMAGE!!
You hit the ice beast but do no damage. You squeeze the ice beast.
The ice beast is heavily wounded.
The ice beast barely misses you.
You hit the ice beast but do no damage.
The ice beast is heavily wounded.
The ice beast hits you. The ice beast freezes you!
* * * LOW HITPOINT WARNING * * *
You take 17 damage, and have 16/61 hp.
MASSIVE DAMAGE!!
You hit the ice beast but do no damage.
The ice beast is heavily wounded.
The ice beast completely misses you.
You hit the ice beast. Your squeeze misses the ice beast.
The ice beast is heavily wounded.
The ice beast barely misses you.
You closely miss the ice beast.
You tentacle-slap the ice beast, but do no damage.
You squeeze the ice beast!
The ice beast is almost dead.
The ice beast closely misses you.
You hit the ice beast. Your squeeze misses the ice beast.
The ice beast is almost dead.
The ice beast closely misses you.
You hit the ice beast but do no damage.
The ice beast is almost dead.
The ice beast barely misses you.
You closely miss the ice beast.
You squeeze the ice beast, but do no damage.
The ice beast is almost dead.
The ice beast hits you.
* * * LOW HITPOINT WARNING * * *
The ice beast freezes you!
* * * LOW HITPOINT WARNING * * *
You take 12 damage, and have 5/61 hp.
MP restored: 16 You feel better.
The ice beast hits you.
* * * LOW HITPOINT WARNING * * *
The ice beast freezes you!
You die...

#. #. #. #.
#################.
#.................
#.###############.
#>................
#@##############..
#Y# #.. #.. #..
#(.. ##. #.... #.
#.#### #. #.# #.
#.# #. ##


You could see an ice beast.

Vanquished Creatures
  An orc warrior (D:6)
  2 sky beasts (D:5)
  Pargi (Sewer)
  3 ice beasts
  A black bear (D:4)
  An ogre (D:5)
  A centaur (D:6)
  A kobold brigand (D:6)
  2 bullfrogs (D:6)
  A necrophage (D:6)
  2 scorpions (D:5)
  A howler monkey (D:5)
  2 hounds
  Crazy Yiuf (D:2)
  A gnoll shaman (D:5)
  An orc priest (D:5)
  A jelly (D:5)
  4 orc wizards
  3 gnolls (D:5)
  12 adders
  A shadow imp (D:6)
  4 worms
  3 dart slugs
  14 orcs
  6 endoplasms
  4 giant cockroaches
  11 goblins
  4 hobgoblins
  3 jackals (D:3)
  3 quokkas
  8 ball pythons
  5 bats
  6 frilled lizards
  16 kobolds
  7 rats
137 creatures vanquished.

Vanquished Creatures (others)
  3 fungi (D:2)
3 creatures vanquished.

Grand Total: 140 creatures vanquished

Notes
Turn   | Place    | Note
-------+----------+-------------------------------------------
     0 | D:1      | Psyclone the Octopode Ice Elementalist began the quest for
                  | the Orb.
     0 | D:1      | Reached XP level 1. HP: 11/11 MP: 3/3
    87 | D:1      | Reached skill level 1 in Fighting
   243 | D:1      | Reached XP level 2. HP: 16/18 MP: 3/5
   292 | D:1      | Noticed a great orb of eyes
   293 | D:1      | Found a faded altar of an unknown god.
   294 | D:1      | Noticed an eye of devastation
   294 | D:1      | Noticed a shining eye
   294 | D:1      | Noticed a shining eye
   597 | D:1      | Reached XP level 3. HP: 24/24 MP: 0/6
   990 | D:2      | Learned a level 3 spell: Frozen Ramparts
  1315 | D:2      | Identified the +8 flail of Cobwebs {holy, rN+ Str+3}
  1336 | D:2      | Reached skill level 5 in Ice Magic
  1336 | D:2      | Reached XP level 4. HP: 29/29 MP: 3/7
  2063 | D:2      | Found a runed translucent door.
  2064 | D:2      | Noticed Crazy Yiuf
  2071 | D:2      | Learned a level 3 spell: Ozocubu's Armour
  2075 | D:2      | Killed Crazy Yiuf
  2076 | D:2      | Reached XP level 5. HP: 34/34 MP: 0/8
  2409 | D:3      | Reached skill level 6 in Ice Magic
  2764 | D:3      | Found Tokogez's Book Shop.
  3185 | D:4      | Identified the +0 barding of Qazlal's Pride {rN+}
  3424 | D:4      | Noticed a black bear
  3433 | D:4      | Killed a black bear
  3434 | D:4      | Reached skill level 7 in Ice Magic
  3434 | D:4      | Reached XP level 6. HP: 33/39 MP: 1/9
  4324 | D:4      | Noticed a steam dragon
  4499 | D:5      | Entered Level 5 of the Dungeon
  4499 | D:5      | Noticed an ice beast
  4732 | D:5      | Reached XP level 7. HP: 41/45 MP: 3/10
  4798 | D:5      | Found a shimmering blue altar of Sif Muna.
  4827 | D:5      | Reached skill level 8 in Ice Magic
  5325 | D:5      | HP: 1/46 [gnoll/+0 spear (2)]
  6312 | D:5      | Reached XP level 8. HP: 44/52 MP: 5/13
  7560 | D:6      | Found a glowing drain.
  7570 | Sewer    | Entered a sewer
  7704 | Sewer    | Noticed Pargi
  7719 | Sewer    | Killed Pargi
  7720 | Sewer    | Reached skill level 5 in Fighting
  7720 | Sewer    | Reached skill level 5 in Dodging
  7947 | Sewer    | Identified a scroll of acquirement
  7947 | Sewer    | Acquired the amulet "Jocsoimam" {Acrobat rN+ Str-3 Dex+4
                  | Stlth+}
  8046 | D:6      | Reached XP level 9. HP: 47/61 MP: 4/16
  8225 | D:6      | Reached skill level 5 in Spellcasting
  8475 | D:6      | Slain by an ice beast

Illustrated notes

Levels and vault maps discovered:
D:1:      scummos_arrival_simple_crosswalls, layout_rooms,
          hellmonk_ecumenical_altar_watching_god, minmay_3d_cube
D:2:      layout_rooms, nicolae_wormholes, uniq_crazy_yiuf_cottage
D:3:      layout_basic, serial_shops, nicolae_shop_hallway_plus
D:4:      layout_loops_corners, temple_doors_cd
D:5:      layout_basic, nicolae_sif_muna_little_library
D:6:      minmay_inner_zag, layout_basic, gup_sewer_entry_bowl,
          kennysheep_crisscross

Skill      XL: |  1  2  3  4  5  6  7  8  9 |
---------------+----------------------------+-----
Fighting       | 1 2 3 5 |  5.5
Ice Magic      | 5 7 8 |  8.0
Dodging        | 3 5 |  5.5
Spellcasting   | 3 4 5 |  5.1
Stealth        | |  2.6

Action                   |  1- 3 |  4- 6 |  7- 9 || total
-------------------------+-------+-------+-------++-------
Melee: Rapier            |     7 |       |       ||     7
       Dagger            |    25 |    67 |    79 ||   171
       Tentacles         |     7 |    19 |    21 ||    47
       Constrict         |     6 |    23 |    13 ||    42
       Unarmed           |     1 |       |       ||     1
       Flail             |     1 |     1 |    15 ||    17
       Punch             |       |     2 |     4 ||     6
 Cast: Freeze            |    29 |    32 |    43 ||   104
       Frozen Ramparts   |     1 |    13 |    25 ||    39
       Ozocubu's Armour  |       |     6 |    11 ||    17
  Use: Scroll            |       |     5 |     4 ||     9
       Potion            |       |     2 |     2 ||     4
 Stab: Sleeping          |     8 |     5 |     2 ||    15
Armor: Skin              |     1 |     9 |    28 ||    38
Dodge: Dodged            |    29 |    46 |   108 ||   183

Table legend: (Time is in decaauts)
 A = Elapsed time spent in this place.
 B = Non-inter-level travel time spent in this place.
 C = Inter-level travel time spent in this place.
 D = Time resting spent in this place.
 E = Time spent auto-exploring this place.
 F = Levels seen in this place.
 G = Mean time per level.
                   A        B        C        D        E       F      G
               +--------+--------+--------+--------+--------+-----+--------+
         Total |   8484 |   8266 |    218 |   1923 |   4870 |   7 | 1212.0 |
       Dungeon |   8099 |   7881 |    218 |   1709 |   4865 |   6 | 1349.8 |
         Sewer |    385 |    385 |      0 |    214 |      5 |   1 |  385.0 |
               +--------+--------+--------+--------+--------+-----+--------+

Top non-repeatable levels by time:
     D:5: 2531 daAuts
     D:4: 1549 daAuts
     D:2: 1488 daAuts
     D:6: 913 daAuts
     D:1: 855 daAuts
     D:3: 759 daAuts
   Sewer: 385 daAuts
